 Dungeon Crawl Stone Soup version 0.30-a0-137-gd8773701ce (webtiles) character file.

Game seed: 16946957019680859835

907 Engwar the Digger (level 8, -1/44 HPs)
             Began as a Gargoyle Earth Elementalist on Sept 22, 2022.
             Slain by a wight
             ... wielding a +3 great sword
              (6 damage)
             ... on level 6 of the Dungeon.
             The game lasted 00:15:10 (4668 turns).

Engwar the Digger (Gargoyle Earth Elementalist)     Turns: 4668, Time: 00:15:11

Health: -1/44      AC: 10    Str: 12    XL:     8   Next: 8%
Magic:  3/14       EV: 12    Int: 18    God:
Gold:   199        SH:  0    Dex: 10    Spells: 6/16 levels left

rFire   . . .      SeeInvis .    o - staff of conjuration
rCold   + . .      Faith    .    (no shield)
rNeg    + . .      Spirit   .    a - +0 robe
rPois   ∞          Reflect  .    i - +0 helmet
rElec   +          Harm     .    j - +0 cloak
rCorr   .          Rampage  .    r - +0 pair of gloves
Will    .....                    (no boots)
Stlth   ++........               (no amulet)
HPRegen 0.14/turn                d - ring of protection from cold
MPRegen 0.14/turn                l - +4 ring of slaying

@: about to teleport
A: sickness immunity, AC +5, negative energy resistance 1, electricity
resistance, torment resistance 1, petrification resistance
a: no special abilities


You were on level 6 of the Dungeon.
You visited 2 branches of the dungeon, and saw 7 of its levels.

You collected 276 gold pieces.
You spent 77 gold pieces at shops.

Inventory:

Armour
 a - a +0 robe (worn)
 i - a +0 helmet (worn)
 j - a +0 cloak (worn)
 r - a +0 pair of gloves (worn)
Magical Staves
 o - a staff of conjuration (weapon)
Jewellery
 d - a ring of protection from cold (left hand)
 l - a +4 ring of slaying (right hand)
Wands
 g - a wand of iceblast (12)
Scrolls
 e - 3 scrolls of teleportation
 k - 2 scrolls of fog {unknown}
 q - a scroll of noise {unknown}
 s - 3 scrolls of poison {unknown}
 t - a scroll of enchant weapon {unknown}
 u - a scroll of enchant armour {unknown}
 v - a scroll of summoning {unknown}
Potions
 b - 2 potions of magic
 c - 2 potions of heal wounds
 f - 2 potions of lignification
 h - 2 potions of might {unknown}
 m - 4 potions of curing
 n - a potion of degeneration {unknown}
 p - a potion of attraction {unknown}
 z - a potion of invisibility {unknown}


   Skills:
 + Level 2.2 Fighting
 - Level 1.3 Armour
 - Level 1.9 Dodging
 - Level 2.1 Stealth
 + Level 4.5 Spellcasting
 + Level 4.5 Conjurations
 + Level 2.1 Transmutations
 + Level 6.7 Earth Magic


You had 6 spell levels left.
You knew the following spells:

 Your Spells              Type           Power      Damage    Failure   Level
a - Sandblast             Erth           56%        2d13      1%          1
b - Passwall              Tmut/Erth      16%        N/A       3%          2
c - Stone Arrow           Conj/Erth      72%        3d11      4%          3
d - Petrify               Tmut/Erth      20%        N/A       22%         4

Your spell library contained the following spells:

 Spells                   Type           Power      Damage    Failure   Level
 Lee's Rapid Deconstruct  Erth           14%        3d10*     24%         5
 Gell's Gravitas          Tloc           4%         N/A       38%         3
 Kindle Blastsparks       Fire/Tloc/Air  8%         2d10      38%         3
 Teleport Other           Tloc           4%         N/A       38%         3
 Fulminant Prism          Conj/Hex       9%         3d7       50%         4
 Iskenderun's Mystic Bla  Conj/Tloc      18%        2d6       50%         4
 Dispersal                Tloc           2%         N/A       100%        6


Dungeon Overview and Level Annotations

Branches:
Dungeon (6/15)             Temple (1/1) D:6

Altars:
Ashenzari
Elyvilon
Fedhas
Gozag
Hepliaklqana
Kikubaaqudgha
Makhleb
Nemelex Xobeh
Okawaru
Qazlal
Ru
Sif Muna
Trog
Uskayaw
Wu Jian
Xom
Zin
The Shining One

Shops:
D:3 ?**[


Innate Abilities, Weirdness & Mutations

You are immune to sickness and miasma.
Your stone body is resilient. (AC +5)
You are immune to poison.
You resist negative energy. (rN+)
You are resistant to electric shocks. (rElec)
You are resistant to unholy torment.
You are immune to petrification.


Message History

Confirm with . or Enter, or press ? or * to list all spells.
Aiming: Sandblast (safe; 1% risk of failure)
Press: ? - help, Shift-Dir - straight line, f/p - wight
Aim: a wight, wielding a +0 mace and wearing a +0 robe (almost destroyed, 83% to hit)
The blast of sand hits the wight.
You destroy the wight!
Casting: Sandblast (safe; 1% risk of failure)
Confirm with . or Enter, or press ? or * to list all spells.
Aiming: Sandblast (safe; 1% risk of failure)
Press: ? - help, Shift-Dir - straight line, f - wight
Aim: a wight, wielding a +3 great sword and wearing a +0 robe (83% to hit)
The blast of sand misses the wight.
The wight hits you with a +3 great sword!
Casting: Sandblast (safe; 1% risk of failure)
Confirm with . or Enter, or press ? or * to list all spells.
Aiming: Sandblast (safe; 1% risk of failure)
Press: ? - help, Shift-Dir - straight line, f/p - wight
Aim: a wight, wielding a +3 great sword and wearing a +0 robe (83% to hit)
The blast of sand hits the wight but does no damage.
The wight completely misses you.
Casting: Sandblast (safe; 1% risk of failure)
Confirm with . or Enter, or press ? or * to list all spells.
Aiming: Sandblast (safe; 1% risk of failure)
Press: ? - help, Shift-Dir - straight line, f/p - wight
Aim: a wight, wielding a +3 great sword and wearing a +0 robe (83% to hit)
The blast of sand hits the wight.
The wight is moderately damaged.
The wight hits you with a +3 great sword. x2
Casting: Sandblast (safe; 1% risk of failure)
Confirm with . or Enter, or press ? or * to list all spells.
Aiming: Sandblast (safe; 1% risk of failure)
Press: ? - help, Shift-Dir - straight line, f/p - wight
Aim: a wight, wielding a +3 great sword and wearing a +0 robe (moderately damaged, 83% to hit)
The blast of sand misses the wight.
The wight hits you with a +3 great sword!
* * * LOW HITPOINT WARNING * * *
As you read the scroll of teleportation, it crumbles to dust.
You feel strangely unstable.
The wight hits you with a +3 great sword.
You die...

#.....#
#.###.....#
.....(....#
###........###
.#............##
...#..#######).#
.........# ##[#
##...#.#####.# #
# #.@z)....[##
#..
#####..##..##...#
##.........##
##.>........
#....#.###.
#..#....#
#....#...#
#....####.#...
#..z.#### ....


You could see a wight.

Vanquished Creatures
  A black bear (D:4)
  2 centaurs (D:5)
  A phantom (D:5)
  A necrophage (D:4)
  2 scorpions
  A wight (D:6)
  2 jellies (D:5)
  An orc priest (D:6)
  A hound (D:5)
  An iguana (D:5)
  An orc wizard (D:4)
  3 gnolls (D:4)
  6 adders
  A white imp (D:5)
  A worm (D:4)
  3 dart slugs (D:1)
  14 orcs
  8 ball pythons
  7 endoplasms
  3 giant cockroaches
  9 goblins
  7 hobgoblins
  2 quokkas
  A bat (D:2)
  2 frilled lizards (D:1)
  4 kobolds
  4 rats
89 creatures vanquished.

Notes
Turn   | Place    | Note
-------+----------+-------------------------------------------
     0 | D:1      | Engwar the Gargoyle Earth Elementalist began the quest for
                  | the Orb.
     0 | D:1      | Reached XP level 1. HP: 10/10 MP: 3/3
   128 | D:1      | Reached skill level 1 in Transmutations
   188 | D:1      | Reached XP level 2. HP: 15/15 MP: 3/5
   237 | D:1      | Learned a level 2 spell: Passwall
   319 | D:1      | Reached skill level 4 in Earth Magic
   692 | D:1      | Reached XP level 3. HP: 19/19 MP: 3/6
   700 | D:1      | Learned a level 3 spell: Stone Arrow
  1300 | D:2      | Found a faded altar of an unknown god.
  1331 | D:2      | Reached skill level 1 in Conjurations
  1584 | D:3      | Found Ynniynku's Magic Scroll Emporium.
  1591 | D:3      | Bought a scroll of identify for 20 gold pieces
  1675 | D:3      | Reached XP level 4. HP: 24/24 MP: 1/8
  1990 | D:3      | Found Anisko's General Store.
  2003 | D:3      | Bought a scroll of teleportation for 30 gold pieces
  2027 | D:3      | Found Tepaa's Armour Shop.
  2094 | D:3      | Found Boengo's Assorted Antiques.
  2114 | D:3      | Bought a black potion for 27 gold pieces
  2575 | D:4      | Noticed a black bear
  2580 | D:4      | Killed a black bear
  2581 | D:4      | Reached skill level 5 in Earth Magic
  2581 | D:4      | Reached XP level 5. HP: 28/28 MP: 1/10
  2669 | D:4      | Found an ornate altar of the Wu Jian Council.
  2735 | D:4      | Reached XP level 6. HP: 31/32 MP: 7/11
  2845 | D:4      | Found a white marble altar of Elyvilon.
  3446 | D:4      | Found a shimmering blue altar of Sif Muna.
  3530 | D:4      | Found a sparkling altar of Nemelex Xobeh.
  3560 | D:5      | Entered Level 5 of the Dungeon
  3569 | D:5      | Reached skill level 6 in Earth Magic
  3569 | D:5      | Reached XP level 7. HP: 36/36 MP: 9/13
  3616 | D:5      | Learned a level 4 spell: Petrify
  3730 | D:5      | Reached skill level 1 in Armour
  3769 | D:5      | Reached skill level 1 in Fighting
  4466 | D:6      | Found a staircase to the Ecumenical Temple.
  4481 | D:6      | Reached XP level 8. HP: 44/44 MP: 8/14
  4493 | Temple   | Entered the Ecumenical Temple
  4668 | D:6      | Slain by a wight

Illustrated notes

Levels and vault maps discovered:
D:1:      lemuel_arrival_river_ford, layout_rooms
D:2:      layout_loops_ring, hellmonk_ecumenical_altar_inner_sanctum,
          dk_vineyard_3, minmay_pentomino_o2
D:3:      layout_basic, serial_shops, nicolae_shop_behind_doors, shop, shop,
          shop, st_stairs_12, minmay_misc_feat_nine_boxes,
          minmay_tree_intersection
D:4:      layout_basic, elyvilon_altar_5, mainiacjoe_overflow_catwalk,
          nemelex_diamond_rough_becter, mainiacjoe_overflow_alcove_1
D:5:      kennysheep_spiral_hall, layout_loops_ring
D:6:      layout_rooms, nicolae_yredelemnul_ghost_church,
          minmay_temple_entry_butterflies, uniq_sigmund
Temple:   compressed_dpeg_circular_temple

Skill      XL: |  1  2  3  4  5  6  7 |
---------------+----------------------+-----
Transmutations | 1 2 |  2.1
Earth Magic    | 4 5 6 |  6.7
Conjurations   | 1 2 3 4 |  4.5
Spellcasting   | 3 4 |  4.5
Armour         | 1 |  1.3
Fighting       | 2 |  2.2
Dodging        | |  1.9
Stealth        | |  2.1

Action                   |  1- 3 |  4- 6 |  7- 9 || total
-------------------------+-------+-------+-------++-------
Melee: Unarmed           |     3 |       |       ||     3
       Short sword       |     1 |       |       ||     1
       Staff             |       |     6 |     1 ||     7
 Cast: Sandblast         |    56 |    44 |    47 ||   147
       Stone Arrow       |       |     2 |     3 ||     5
  Use: Scroll            |     1 |     3 |     2 ||     6
Armor: Robe              |     6 |     9 |    11 ||    26
Dodge: Dodged            |    10 |    10 |    19 ||    39

Table legend: (Time is in decaauts)
 A = Elapsed time spent in this place.
 B = Non-inter-level travel time spent in this place.
 C = Inter-level travel time spent in this place.
 D = Time resting spent in this place.
 E = Time spent auto-exploring this place.
 F = Levels seen in this place.
 G = Mean time per level.
                   A        B        C        D        E       F      G
               +--------+--------+--------+--------+--------+-----+--------+
         Total |   4743 |   4558 |    185 |    191 |   3629 |   7 |  677.6 |
       Dungeon |   4592 |   4442 |    150 |    191 |   3588 |   6 |  765.3 |
        Temple |    150 |    115 |     35 |      0 |     41 |   1 |  150.0 |
               +--------+--------+--------+--------+--------+-----+--------+

Top non-repeatable levels by time:
     D:4: 1016 daAuts
     D:3: 983 daAuts
     D:5: 905 daAuts
     D:1: 868 daAuts
     D:2: 743 daAuts
  Temple: 150 daAuts
     D:6: 75 daAuts
